 Dungeon Crawl Stone Soup version 0.22.1-1-ga44c0e56f4 (webtiles) character file.

122 MrBoozer the Firebug (level 5, -1/28 HPs)
             Began as a Gargoyle Fire Elementalist on Nov 1, 2018.
             Slain by an orc
             ... wielding a +2 flail of draining
              (7 damage)
             ... on level 3 of the Dungeon.
             The game lasted 00:21:19 (3240 turns).

MrBoozer the Firebug (Gargoyle Fire Elementalist)   Turns: 3240, Time: 00:21:19

Health: -1/28      AC: 10    Str: 11    XL:     5   Next: 6%
Magic:  8/8        EV: 17    Int: 16    God:
Gold:   60         SH:  0    Dex: 16    Spells: 1/8 levels left

rFire    . . .     SeeInvis .     - Unarmed
rCold    . . .     Gourm    .   (no shield)
rNeg     + . .     Faith    .   l - +3 leather armour
rPois    ∞         Spirit   .   (no helmet)
rElec    +         Reflect  .   (no cloak)
rCorr    .         Harm     .   (no gloves)
MR       .....                  (no boots)
Stlth    +++.......             (no amulet)
HPRegen  0.09/turn              o - ring of wizardry
MPRegen  0.11/turn              (no ring)

@: agile, hasted, very quick
A: negative energy resistance 1, electricity resistance, unbreathing,
petrification resistance, rot immunity, AC +4
a: no special abilities


You were on level 3 of the Dungeon.
You were not hungry.

You visited 1 branch of the dungeon, and saw 3 of its levels.

You collected 60 gold pieces.

Inventory:

Armour
 a - a +0 robe
 l - a +3 leather armour (worn)
Jewellery
 o - a ring of wizardry (left hand)
Scrolls
 b - a scroll of blinking {unknown}
 e - a scroll of identify
 g - 2 scrolls of teleportation {unknown}
 i - a scroll of fear {unknown}
 k - 2 scrolls of remove curse {unknown}
 p - a scroll of amnesia {unknown}
 q - 2 scrolls of enchant armour {unknown}
Potions
 d - a potion of magic {unknown}
 h - a potion of heal wounds {unknown}
 n - a potion of agility
Comestibles
 c - 4 rations
 j - a chunk of flesh


   Skills:
 + Level 0.3 Fighting
 + Level 1.2 Armour
 + Level 2.3 Dodging
 + Level 2.2 Stealth
 * Level 1.3 Unarmed Combat
 + Level 2.4 Spellcasting
 + Level 2.0 Conjurations
 + Level 3.8 Fire Magic


You had one spell level left.
You knew the following spells:

 Your Spells              Type           Power        Failure   Level  Hunger
a - Flame Tongue          Conj/Fire      ##...        3%          1    #......
b - Conjure Flame         Conj/Fire      ##......     10%         3    ###....
c - Inner Flame           Hex/Fire       #.......     14%         3    ###....

Your spell library contained the following spells:

 Spells                   Type           Power        Failure   Level  Hunger
 Throw Flame              Conj/Fire      ##....       4%          2    ###....
 Sticky Flame             Conj/Fire      ##......     30%         4    #####..
 Fireball                 Conj/Fire      ##........   61%         5    ######.


Dungeon Overview and Level Annotations

Branches:
Dungeon (3/15)

Altars:
Gozag

Shops:
D:3 *

Annotations:
D:2 Terence


Innate Abilities, Weirdness & Mutations

You are resistant to torment.
Your stone body is resilient. (AC +4)
You are immune to poison.
You resist negative energy. (rN+)
You are resistant to electric shocks. (rElec)
You can survive without breathing.
You are immune to petrification.
You are immune to rotting.


Message History

You kill the orc!
You cannot move.
You cannot move.
You cannot move.
You cannot move.
You cannot move.
You cannot move.
You cannot move.
You cannot move.
You cannot move.
You cannot move.
You cannot move.
You cannot move.
You cannot move.
You cannot move.
Your transformation is almost over.
You feel less wooden.
Your +3 leather armour unmelds from your body.
The orc hits you with a flail of draining!
You die...

......#.......#.#.....#########.#
................#.....#### #.o
............####.........########
.....##### #.##..............
.....# #.#............### .....#
#.#............# #.#####.######.#
#o#............# #@#.###........#
######)#............#
#.........##.......#### .
#..o...........<.......
o...##.o.......#############
oooo...........# .≈≈.≈≈.........#
.≈...≈.........# .≈._.≈......>..#


You could see an orc.

Vanquished Creatures
  An orc wizard (D:3)
  2 adders (D:2)
  An ooze (D:2)
  2 worms
  2 leopard geckos
  2 orcs (D:3)
  5 bats
  A giant cockroach (D:1)
  10 hobgoblins
  12 jackals
  9 kobolds
  A quokka (D:2)
  2 ball pythons
  3 frilled lizards (D:2)
  4 goblins (D:1)
  2 rats
59 creatures vanquished.

Notes
Turn   | Place    | Note
-------+----------+-------------------------------------------
     0 | D:1      | MrBoozer the Gargoyle Fire Elementalist began the quest for
                  | the Orb.
     0 | D:1      | Reached XP level 1. HP: 10/10 MP: 3/3
   384 | D:1      | Reached XP level 2. HP: 15/15 MP: 1/5
   816 | D:1      | Reached XP level 3. HP: 15/19 MP: 0/6
  1230 | D:2      | Learned a level 3 spell: Conjure Flame
  1478 | D:2      | Reached XP level 4. HP: 24/24 MP: 1/7
  1649 | D:2      | Noticed Terence
  1850 | D:2      | Reached skill level 1 in Armour
  1943 | D:2      | Learned a level 3 spell: Inner Flame
  3086 | D:3      | Found an opulent altar of Gozag.
  3089 | D:3      | Found Gozag's Platinum Reserve.
  3210 | D:3      | Reached skill level 1 in Unarmed Combat
  3210 | D:3      | Reached XP level 5. HP: 8/28 MP: 8/8
  3240 | D:3      | Slain by an orc

Skill      XL: |  1  2  3  4 |
---------------+-------------+-----
Dodging        | 2 |  2.3
Armour         | 1 |  1.2
Conjurations   | 2 |  2.0
Unarmed Combat | 1 |  1.3
Fighting       | |  0.3
Stealth        | |  2.2
Spellcasting   | |  2.4
Fire Magic     | |  3.8

Action                   |  1- 3 |  4- 6 || total
-------------------------+-------+-------++-------
Melee: Unarmed           |    80 |    83 ||   163
       Punch             |     1 |       ||     1
 Cast: Flame Tongue      |    51 |    37 ||    88
       Conjure Flame     |     1 |     4 ||     5
       Inner Flame       |       |     1 ||     1
  Use: Scroll            |     1 |     1 ||     2
       Potion            |       |     3 ||     3
  Eat: Chunk             |     3 |     3 ||     6
       Ration            |       |     1 ||     1
Armor: Robe              |    20 |       ||    20
       Leather armour    |    30 |    50 ||    80
       Skin              |       |     4 ||     4
Dodge: Dodged            |    82 |    91 ||   173
